 Dungeon Sprint DCSS version 0.27-a0-681-g0c81a3c1c3 (webtiles) character file.

Game seed: 18176699852127759108

243 mhtbhm the Cleaver (level 5, -2/52 HPs)
             Began as a Minotaur Fighter on Mar 20, 2021.
             Was an Elder of Trog.
             Slain by a tyrant leech (24 damage)
             ... in the Dungeon (Sprint VII: "The Pits").
             The game lasted 00:01:04 (631 turns).

mhtbhm the Cleaver (Minotaur Fighter)                Turns: 631, Time: 00:01:04

Health: -2/52      AC: 13    Str: 22    XL:     5   Next: 82%
Magic:  4/4        EV:  7    Int:  5    God:    Trog [****..]
Gold:   0          SH: 10    Dex:  9    Spells: 4/4 levels left

rFire    . . .     SeeInvis .   a - +2 hand axe
rCold    . . .     Faith    .   c - +0 kite shield
rNeg     . . .     Spirit   .   b - +3 chain mail
rPois    .         Reflect  .   (helmet restricted)
rElec    .         Harm     .   (no cloak)
rCorr    .         Rampage  .   (no gloves)
Will     .....     NoTele   +   (no boots)
Stlth    ..........             (no amulet)
HPRegen  0.17/turn              (no ring)
MPRegen  0.09/turn              (no ring)

@: berserk cooldown, slowed, very slow
A: horns 2, retaliatory headbutt
a: Renounce Religion, Berserk, Trog's Hand, Brothers in Arms


You were in the Dungeon.
You worshipped Trog.
Trog was greatly pleased with you.
You visited 1 branch

Inventory:

Hand Weapons
 a - a +2 hand axe (weapon)
Armour
 b - a +3 chain mail (worn)
 c - a +0 kite shield (worn)
Scrolls
 j - a scroll of blinking
 l - a scroll of summoning
Potions
 d - a potion of might
 e - 6 potions of curing
 f - 5 potions of heal wounds
 g - a potion of haste
 h - 4 potions of magic
 i - 3 potions of berserk rage
 k - 2 potions of invisibility


   Skills:
 + Level 7.1 Fighting
 + Level 9.1 Axes
 + Level 8.1 Armour
 + Level 2.4 Dodging
 + Level 6.8 Shields


You had 4 spell levels left.
You didn't know any spells.
Your spell library was empty.

Dungeon Overview and Level Annotations

Branches:
Dungeon (1/1)

Altars:
Cheibriados
Dithmenos
Elyvilon
Fedhas
Gozag
Hepliaklqana
Makhleb
Nemelex Xobeh
Okawaru
Qazlal
Ru
Sif Muna
Trog
Vehumet
Wu Jian
Xom
Yredelemnul
Zin
The Shining One
Beogh
Jiyva
Lugonu


Innate Abilities, Weirdness & Mutations

You have a pair of horns on your head.
You reflexively headbutt those who attack you in melee.


Message History

You are too injured to fight recklessly!
You are too injured to fight recklessly!
You are too injured to fight recklessly!
You are too injured to fight recklessly!
You are too injured to fight recklessly!
You are too injured to fight recklessly!
You are too injured to fight recklessly!
You are too injured to fight recklessly!
You closely miss the tyrant leech. Your headbutt misses the tyrant leech.
The tyrant leech is lightly wounded.
The tyrant leech barely misses you. You furiously retaliate!
You headbutt the tyrant leech. You closely miss the tyrant leech.
The tyrant leech is lightly wounded.
You miss the tyrant leech. Your headbutt misses the tyrant leech.
The tyrant leech is lightly wounded.
The tyrant leech bites you!!
* * * LOW HITPOINT WARNING * * *
The tyrant leech draws strength from your injuries!
Unknown command.
Press: ? - help, v - describe, . - travel
Here: a tyrant leech An open door.
There is an open door here.
You feel a strong urge to attack something.
You are no longer berserk.
You are exhausted.
You feel yourself slow down.
You feel much better.
The tyrant leech bites you but does no damage.
Unknown command.
You fail to use your ability.
The tyrant leech barely misses you. You furiously retaliate!
You headbutt the tyrant leech!
Unknown command.
The tyrant leech bites you!
The tyrant leech draws strength from your injuries!
Your ogre goes berserk!
Trog will no longer gift you weapons. The tyrant leech bites you!!
You die...

#.#..).....##.......#
#'###########.......#
#.†.....# #########
#.).#...# #..)#...#
#.##.##.#+#
#...#O..#.+
#...#...#'#
#.....@w'.#
###########


You could see a tyrant leech (ally target) and a friendly ogre (summoned,
berserk).

Vanquished Creatures
  A phantom (D)
  A quasit (D)
  A gnoll shaman (D)
  An iguana (D)
  A mummy (D)
  5 gnolls (D)
  A river rat (D)
  An ooze (D)
  A leopard gecko (D)
  A bat skeleton (D)
  A giant cockroach (D)
  A quokka (D)
  A frilled lizard (D)
  A kobold (D)
  A rat (D)
19 creatures vanquished.

Notes
Turn   | Place    | Note
-------+----------+-------------------------------------------
     0 | D        | mhtbhm the Minotaur Fighter began the quest for the Orb.
     0 | D        | Reached XP level 1. HP: 19/19 MP: 0/0
    22 | D        | Found a bloodstained altar of Trog.
    22 | D        | Found a shimmering blue altar of Sif Muna.
    22 | D        | Found a viscous altar of Jiyva.
    22 | D        | Found a hazy altar of Hepliaklqana.
    22 | D        | Found an opulent altar of Gozag.
    23 | D        | Found a glowing golden altar of the Shining One.
    23 | D        | Found a glowing silver altar of Zin.
    23 | D        | Found a basalt altar of Yredelemnul.
    23 | D        | Found a shimmering altar of Xom.
    23 | D        | Found an ornate altar of the Wu Jian Council.
    23 | D        | Found a sacrificial altar of Ru.
    23 | D        | Found a stormy altar of Qazlal.
    23 | D        | Found an iron altar of Okawaru.
    23 | D        | Found a sparkling altar of Nemelex Xobeh.
    23 | D        | Found a burning altar of Makhleb.
    23 | D        | Found a blossoming altar of Fedhas.
    23 | D        | Found a white marble altar of Elyvilon.
    23 | D        | Found a shadowy altar of Dithmenos.
    23 | D        | Found a snail-covered altar of Cheibriados.
    25 | D        | Found a radiant altar of Vehumet.
    25 | D        | Found a corrupted altar of Lugonu.
    27 | D        | Became a worshipper of Trog the Wrathful
    69 | D        | Reached skill level 3 in Axes
    69 | D        | Reached XP level 2. HP: 17/28 MP: 1/1
   193 | D        | Reached * piety under Trog
   201 | D        | Reached skill level 5 in Fighting
   201 | D        | Reached skill level 5 in Armour
   201 | D        | Reached skill level 5 in Shields
   444 | D        | Reached ** piety under Trog
   447 | D        | Reached skill level 4 in Axes
   447 | D        | Reached XP level 3. HP: 36/36 MP: 2/2
   524 | D        | Noticed a phantom
   531 | D        | Reached *** piety under Trog
   532 | D        | Reached skill level 1 in Dodging
   532 | D        | Reached XP level 4. HP: 44/44 MP: 3/3
   537 | D        | Killed a phantom
   538 | D        | Reached skill level 7 in Axes
   538 | D        | Reached XP level 5. HP: 51/51 MP: 4/4
   538 | D        | Reached **** piety under Trog
   547 | D        | Reached skill level 8 in Axes
   608 | D        | Reached ***** piety under Trog
   609 | D        | Reached skill level 9 in Axes
   611 | D        | Noticed a tyrant leech
   631 | D        | Slain by a tyrant leech

Illustrated notes

Levels and vault maps discovered:
D:        pitsprint [storerooms_1, entrance_room_1, metal_vault_3, armoury_1,
          mini_pit_1, grid_room_1, main_hall_1, silver_pit, the_coven_1,
          the_vestibule_1, steel_vault_2, golden_pit, hallway_of_sentries,
          crystal_vault_1, iron_vault_5, final_vault]

Skill      XL: |  1  2  3  4  5 |
---------------+----------------+-----
Fighting       | 4 5 6 7 |  7.1
Armour         | 4 5 6 7 8 |  8.1
Shields        | 4 5 6 |  6.8
Axes           | 3 4 7 9 |  9.1
Dodging        | 1 2 |  2.4

Action                   |  1- 3 |  4- 6 || total
-------------------------+-------+-------++-------
Melee: War axe           |     3 |       ||     3
       Hand axe          |    15 |    31 ||    46
       Headbutt          |     3 |     2 ||     5
Invok: Berserk           |     2 |     1 ||     3
       Brothers in Arms  |       |     1 ||     1
  Use: Potion            |       |     1 ||     1
Armor: Scale mail        |     6 |       ||     6
       Chain mail        |     2 |    12 ||    14
Dodge: Dodged            |     6 |     8 ||    14
Block: Kite shield       |     9 |    16 ||    25

Table legend: (Time is in decaauts)
 A = Elapsed time spent in this place.
 B = Non-inter-level travel time spent in this place.
 C = Inter-level travel time spent in this place.
 D = Time resting spent in this place.
 E = Time spent auto-exploring this place.
 F = Levels seen in this place.
 G = Mean time per level.
                   A        B        C        D        E       F      G
               +--------+--------+--------+--------+--------+-----+--------+
         Total |    649 |    649 |      0 |    415 |     47 |   1 |  649.0 |
       Dungeon |    649 |    649 |      0 |    415 |     47 |   1 |  649.0 |
               +--------+--------+--------+--------+--------+-----+--------+

Top non-repeatable levels by time:
       D: 649 daAuts
